 Dungeon Crawl Stone Soup version 0.25-a0-85-g7617fd2bc2 (webtiles) character file.

Game seed: 14253349287800274672, levelgen mode: deterministic

1330 D1HalberdGnoll the Spear-Bearer (level 8, -1/63 HPs)
             Began as a Merfolk Skald on Nov 8, 2019.
             Was an Initiate of Okawaru.
             Slain by an orc warrior
             ... wielding a +0 dire flail
              (14 damage)
             ... on level 5 of the Dungeon.
             The game lasted 00:07:55 (5233 turns).

D1HalberdGnoll the Spear-Bearer (Merfolk Skald)     Turns: 5233, Time: 00:07:56

Health: -1/63      AC:  7    Str: 12    XL:     8   Next: 60%
Magic:  7/11       EV: 13    Int: 14    God:    Okawaru [......]
Gold:   260        SH:  7    Dex: 13    Spells: 10/11 levels left

rFire    . . .     SeeInvis .   g - +2 spear (venom)
rCold    . . .     Gourm    .   h - +2 buckler
rNeg     . . .     Faith    .   e - +0 ring mail
rPois    .         Spirit   .   (no helmet)
rElec    .         Reflect  .   (no cloak)
rCorr    .         Harm     .   (no gloves)
MR       .....                  b - +1 pair of boots {Fly}
Stlth    +.........             (no amulet)
HPRegen  0.20/turn              (no ring)
MPRegen  0.12/turn              (no ring)

@: infused (expiring), flying, slowed, very slow
A: change form in water, swift swim, stealthy swim
a: Renounce Religion, Stop Flying


You were on level 5 of the Dungeon.
You worshipped Okawaru.
Okawaru was noncommittal.
You were not hungry.

You visited 2 branches of the dungeon, and saw 7 of its levels.
You also visited: Sewer.

You collected 260 gold pieces.

Inventory:

Hand Weapons
 g - a +2 spear of venom (weapon)
Missiles
 w - 40 poisoned darts (quivered)
Armour
 b - a +1 pair of boots of flying (worn)
 e - a +0 ring mail (worn)
 h - a +2 buckler (worn)
 o - a +0 cloak
Jewellery
 x - an uncursed ring of poison resistance {unknown}
Wands
 m - a wand of digging (4)
 t - a wand of iceblast (6)
 y - a wand of polymorph (9)
Scrolls
 c - 2 scrolls of amnesia
 i - a scroll of enchant weapon {unknown}
 j - a scroll of remove curse {unknown}
 k - 2 scrolls of enchant armour {unknown}
 l - a scroll of teleportation
 p - 3 scrolls of identify
 q - a scroll of fear {unknown}
 s - 2 scrolls of immolation {unknown}
Potions
 a - a potion of might {unknown}
 f - 3 potions of flight {unknown}
 n - a potion of brilliance {unknown}
 r - 2 potions of haste {unknown}
 u - a potion of magic {unknown}
 v - 2 potions of heal wounds
Comestibles
 d - 5 rations


   Skills:
 + Level 5.4 Fighting
 * Level 9.7 Polearms
 - Level 1.0 Armour
 + Level 6.5 Dodging
 - Level 4.0 Shields
 - Level 2.0 Spellcasting
 - Level 3.2 Charms


You had 10 spell levels left.
You knew the following spells:

 Your Spells              Type           Power        Failure   Level  Hunger
a - Infusion              Chrm           ##..         14%         1    ##.....

Your spell library contained the following spells:

 Spells                   Type           Power        Failure   Level  Hunger
 Song of Slaying          Chrm           ##......     22%         2    ###....
 Shroud of Golubria       Chrm/Tloc      #.....       38%         2    ###....
 Regeneration             Chrm/Necr      #.........   63%         3    ####...
 Spectral Weapon          Hex/Chrm       #.......     63%         3    ####...


Dungeon Overview and Level Annotations

Branches:
Dungeon (6/15)             Temple (1/1) D:6           Sewer (visited)

Altars:
Ashenzari
Cheibriados
Dithmenos
Elyvilon
Fedhas
Hepliaklqana
Kikubaaqudgha
Makhleb
Nemelex Xobeh
Okawaru
Qazlal
Ru
Sif Muna
Uskayaw
Vehumet
Wu Jian
Xom
Yredelemnul
Zin
The Shining One

Annotations:
D:4 1 runed translucent door, iamserjio's ghost, amateur OpEE


Message History

The orc wizard gestures at you while chanting.
You feel yourself slow down.
You fly upwards.
There is a stone staircase leading down here.
You closely miss the orc warrior.
The orc warrior is moderately wounded.
You barely miss the orc warrior.
The orc warrior is heavily wounded.
Your magical infusion is running out.
The orc warrior misses you.
You hit the orc warrior.
The orc warrior looks as sick as possible!
The orc warrior is heavily wounded.
The orc warrior hits you with a +0 dire flail!!
* * * LOW HITPOINT WARNING * * *
You hit the orc warrior but do no damage.
The orc warrior looks as sick as possible!
The orc warrior is severely wounded.
The orc warrior hits you with a +0 dire flail!
You die...

#............##.#.....#........ #
#............#........#.....### #
#............#........#........ #
#............#.......##.......# #
#............#............###.#
###............#.......###.......
##...#.........#.......# #.####.#
....###...######.......# #......#
...........# #@o.....#####....#
..#.).).#..# #...........#.#.##
.##.._†.##.# #.....#####.#.#...
..#.).))#..# #.....# ########
...........#########.# #.......
....###..............# #..#...#
##...#...############# #_......
##.....## #..#...# #######
#.......


You could see an orc warrior.

Vanquished Creatures
  Sigmund (D:2)
  A sky beast (D:5)
  An ice beast (D:5)
  An ogre (D:5)
  A big kobold (Sewer)
  A bullfrog (D:6)
  A scorpion (D:4)
  2 crimson imps
  An orc priest (D:4)
  A jelly (D:6)
  A bullfrog skeleton (D:4)
  3 hounds
  2 orc wizards
  3 iguanas
  3 worker ants
  2 hound zombies (D:5)
  A hound skeleton (D:3)
  3 gnolls (D:3)
  8 adders
  3 river rats (Sewer)
  An adder skeleton (D:6)
  2 worms
  A dart slug (D:4)
  5 leopard geckos
  10 orcs
  7 bats
  4 giant cockroaches
  4 goblins
  5 hobgoblins
  6 jackals
  10 kobolds
  2 quokkas (D:6)
  A ball python (D:2)
  6 frilled lizards
  A leopard gecko skeleton (D:5)
  5 rats
  2 rat zombies (D:2)
112 creatures vanquished.

Notes
Turn   | Place    | Note
-------+----------+-------------------------------------------
     0 | D:1      | D1HalberdGnoll the Merfolk Skald began the quest for the
                  | Orb.
     0 | D:1      | Reached XP level 1. HP: 16/16 MP: 3/3
   117 | D:1      | Reached XP level 2. HP: 16/23 MP: 5/5
   170 | D:1      | Reached skill level 1 in Armour
   433 | D:1      | Reached XP level 3. HP: 23/28 MP: 6/6
   447 | D:1      | Reached skill level 4 in Polearms
  1238 | D:2      | Noticed Sigmund
  1276 | D:2      | Killed Sigmund
  1276 | D:2      | Reached skill level 5 in Polearms
  1276 | D:2      | Reached skill level 1 in Shields
  1276 | D:2      | Reached XP level 4. HP: 10/35 MP: 1/7
  1276 | D:2      | Reached XP level 5. HP: 12/41 MP: 1/8
  1640 | D:2      | Found an ancient bone altar of Kikubaaqudgha.
  1661 | D:2      | Found a sacrificial altar of Ru.
  1665 | D:2      | Found a white marble altar of Elyvilon.
  1749 | D:2      | Reached skill level 6 in Polearms
  1749 | D:2      | Reached XP level 6. HP: 41/47 MP: 7/9
  2142 | D:3      | Found an ornate altar of the Wu Jian Council.
  2268 | D:3      | Found a faded altar of an unknown god.
  2507 | D:3      | Found a shattered altar of Ashenzari.
  2570 | D:3      | Found a basalt altar of Yredelemnul.
  3035 | D:4      | Reached skill level 7 in Polearms
  3035 | D:4      | Reached XP level 7. HP: 41/54 MP: 6/10
  3116 | D:4      | Found a hazy altar of Hepliaklqana.
  3166 | D:4      | Found a runed translucent door.
  3240 | D:4      | Reached skill level 5 in Dodging
  3247 | D:4      | Found a shimmering blue altar of Sif Muna.
  3598 | D:4      | Found a glowing golden altar of the Shining One.
  3789 | D:4      | Noticed iamserjio's ghost (amateur OpEE)
  3794 | D:5      | Entered Level 5 of the Dungeon
  3905 | D:5      | Reached skill level 8 in Polearms
  4137 | D:5      | Found a glowing silver altar of Zin.
  4243 | D:5      | Reached XP level 8. HP: 61/61 MP: 11/11
  4318 | D:5      | Found an iron altar of Okawaru.
  4336 | D:5      | Reached skill level 5 in Fighting
  4541 | D:6      | Reached skill level 9 in Polearms
  4593 | D:6      | Found a staircase to the Ecumenical Temple.
  4645 | Temple   | Entered the Ecumenical Temple
  4930 | Temple   | Became a worshipper of Warmaster Okawaru
  4999 | D:6      | Found a glowing drain.
  5011 | Sewer    | Entered a sewer
  5135 | Sewer    | Found a white marble altar of Elyvilon.
  5201 | D:6      | Found a blossoming altar of Fedhas.
  5233 | D:5      | Slain by an orc warrior

Levels and vault maps discovered:
D:1:      erik_arrival_cave_to_civilisation [erik_arrival_cave_to_hall],
          layout_loops_ring
D:2:      layout_basic, lemuel_zombie_altar_kikubaaqudgha,
          gammafunk_temple_overflow_statue, skrybe_limestone_x, uniq_sigmund
D:3:      layout_basic, marbit_many_paths, lemuel_crystal_altar,
          chequers_ecumenical_altar_simple_redux, lemuel_statue_altar
D:4:      layout_loops_ring, tso_altar, lemuel_crystal_altar,
          overflow_temple_1_default, ebering_ghost_reflecting_pool, first_ration
D:5:      layout_basic, lemuel_coloured_pillars_altar, okawaru_ov_weapons_minmay
D:6:      layout_cave_pools, fedhas_altar_1, minmay_temple_entry_grid,
          serial_shops, kennysheep_little_box, cheibrodos_sewer_entry_drain,
          makhleb_altar_promises_db
Temple:   nicolae_temple_figure_zero

Skill      XL: |  1  2  3  4  5  6  7  8 |
---------------+-------------------------+-----
Dodging        | 3 4 5 6 |  6.5
Armour         | 1 |  1.0
Polearms       | 5 6 7 8 9 |  9.7
Fighting       | 3 4 5 |  5.4
Shields        | 1 2 3 4 |  4.0
Spellcasting   | |  2.0
Charms         | |  3.2

Action                   |  1- 3 |  4- 6 |  7- 9 || total
-------------------------+-------+-------+-------++-------
Melee: Spear             |   111 |   163 |   224 ||   498
 Cast: Infusion          |     4 |     7 |     2 ||    13
  Use: Potion            |     2 |     1 |       ||     3
       Scroll            |       |       |     3 ||     3
  Eat: Chunk             |     1 |     5 |     2 ||     8
       Ration            |       |       |     2 ||     2
Armor: Leather armour    |    22 |       |       ||    22
       Ring mail         |       |    34 |    28 ||    62
Dodge: Dodged            |    38 |    46 |    55 ||   139
Block: Buckler           |    15 |    34 |    29 ||    78

Table legend:
 A = Non-vault XP
 B = Vault XP
 C = Vault XP percentage of total XP
 D = Non-vault monster count
 E = Vault monster count
 F = Vault count percentage of total count
                 A         B        C        D         E       F
            +---------+---------+-------+---------+---------+-------
      Total |    1513 |     388 |  20.4 |      94 |      18 |  16.1
            +---------+---------+-------+---------+---------+-------
        D:1 |      41 |       0 |   0.0 |      22 |       0 |   0.0
        D:2 |      57 |     225 |  79.8 |      12 |       3 |  20.0
        D:3 |     176 |      14 |   7.4 |      24 |       1 |   4.0
        D:4 |     287 |       0 |   0.0 |      13 |       0 |   0.0
        D:5 |     641 |       0 |   0.0 |      14 |       0 |   0.0
        D:6 |     311 |       3 |   1.0 |       9 |       2 |  18.2
      Sewer |       0 |     146 | 100.0 |       0 |      12 | 100.0
            +---------+---------+-------+---------+---------+-------
